Unix NetHack Version 5.0.0-0 post-release - last build May  4 2026 22:22:43 (774f63e81ad911689b3a0859ea89b322d5daca8d,branch:main).

Game began 2026-05-06 04:04:57, ended 2026-05-06 04:14:40.

BeardyHaddock, chaotic male elven Priest

                                     -----
                                    #....|
                --------------      #|...-####--------     ---------
                |............|      #|...|   #|......|     |.......|
       -----   #.............|      #-----   #........#####-.......|
       |...|   #|............|      ##        |......|     |.....{.|
       |h...e###--------------       #        |F...<.|  ###........|
       |..@|          #####    `##############.......|  #  ---------
       |.eB-#######)########   ###`# ###      --.-----  #
       |...|         #                 #        ####### #
       -----      ####                 #              # #
                --.--       -----------#              # #
                |...|       |....>....|#              # #
                |...|      #-..........#              # #
                |_...#######|.........|            ---.-#
                |..{|       -----------            |...-#
                -----                              |...|
                                                   |...|
                                                   -----

BeardyHaddock the Acolyte    St:14 Dx:11 Co:12 In:11 Wi:19 Ch:8  Chaotic
Dlvl:4  $:71 HP:0(26) Pw:31(31) AC:7  Xp:3 T:2292 

Latest messages:
 You finish eating the hobbit corpse.
 You fail to cast the spell correctly.
 You fail to cast the spell correctly.
 You miss the floating eye.
 You are frozen by the floating eye's gaze!
 The lichen touches you!
 The lichen touches you!
 The lichen touches you!
 The lichen touches you!
 You can move again.
 You kill the lichen!
 You see here a lichen corpse.
 There is a lichen corpse here; eat it? [ynq] (n) y
 This lichen corpse tastes okay.
 You finish eating the lichen corpse.
 You miss the brown mold.
 You are suddenly very cold!
 You hit the brown mold!
 You see here a cursed elven dagger.
 You hear the footsteps of a guard on patrol.
 You hear someone counting gold coins.
 You see here a cursed elven dagger.
 You see here a cursed elven dagger.
 G - a cursed elven dagger.
 What do you want to throw? [$pG or ?*] ?
 In what direction? 6
 The elven dagger misses the floating eye.
 You see here a curved sword.
 H - a curved sword.
 What do you want to throw? [$pH or ?*] ?
 In what direction? 6
 The curved sword misses the floating eye.
 You hear the footsteps of a guard on patrol.
 You hear the footsteps of a guard on patrol.
 You see here a statue of a hobbit.
 The giant bat bites!
 You hit the giant bat!
 The giant bat bites!
 The giant bat bites!
 You miss the giant bat.
 The giant bat bites!
 The giant bat bites!
 You miss the giant bat.
 The giant bat bites!
 You die...
 Do you want your possessions identified? [ynq] (y) n
 Do you want to see your attributes? [ynq] (y) n
 Do you want an account of creatures vanquished? [ynaq] (y) n
 Do you want to see your conduct and achievements? [ynq] (y) n
 Do you want to see the dungeon overview? [ynq] (y) n

Inventory:
 Coins    ('$')
  $ - 71 gold pieces
 Weapons  (')')
  a - a blessed +1 mace (weapon in right hand)
  p - a +0 guisarme
 Armor    ('[')
  C - a +0 helmet
  c - a +0 small shield (being worn)
  o - a +0 dwarvish cloak
  b - a +0 robe (being worn)
 Comestibles  ('%')
  e - a clove of garlic
  w - a food ration
  f - 2 sprigs of wolfsbane
  l - 2 cursed tripe rations
 Scrolls  ('?')
  A - a scroll of food detection
  v - a cursed scroll of light
  n - a scroll of magic mapping
  u - a blessed scroll of teleportation
 Spellbooks  ('+')
  g - a spellbook of detect monsters
  y - a spellbook of extra healing
  h - a spellbook of identify
  B - a spellbook of knock
 Potions  ('!')
  E - a potion of monster detection
  d - 4 potions of holy water
 Wands    ('/')
  t - a wand of probing (0:3)
 Tools    ('(')
  i - a wooden harp
  m - a cursed tallow candle
 Gems/Stones  ('*')
  q - a topaz stone
  k - a worthless piece of violet glass

BeardyHaddock the Priest's attributes:

Background:
 You were an Acolyte, a level 3 elven Priest.
 You were chaotic, nominally on a mission for Anhur
 who was opposed by Ptah (lawful) and Thoth (neutral).
 You were right-handed.
 You were in the Dungeons of Doom, on level 4.
 You entered the dungeon 2292 turns ago.
 It was nighttime.
 You had 50 experience points, 30 more were needed to attain level 4.

Basics:
 You had 0 out of 26 hit points.
 You had all 31 energy points (spell power).
 Your armor class was 7.
 Your wallet contained 71 zorkmids.
 Autopickup was off.

Final Characteristics:
 Your strength was 14 (limit:18).
 Your dexterity was 11 (limit:18).
 Your constitution was 12 (limit:16).
 Your intelligence was 11 (limit:20).
 Your wisdom was 19 (peak:20, limit:20).
 Your charisma was 8 (limit:18).

Final Status:
 You weren't hungry.
 You were unencumbered.
 You were wielding a mace.
 You had basic skill with mace.

Final Attributes:
 You were piously aligned.
 You had infravision.
 You were guarded.
 Your spell casting was enhanced by wearing a robe.
 You are dead.

Miscellaneous:
 You didn't encounter any bones levels.
 Total elapsed playing time was 9 minutes and 43 seconds.

Major events:
 Turn
    1: BeardyHaddock the chaotic elven Priest entered the dungeon
 1943: attained the rank of Acolyte (level 3)
 2292: killed by a giant bat

Spells:
 Name                 Level Category     Fail Retention
 detect monsters        1   divination     0%  76%-100%
 identify               3   divination    65%  76%-100%

Skills:
 Fighting Skills
   bare handed combat [Unskilled]
 Weapon Skills
   club               [Unskilled]
   mace               [Basic]
   morning star       [Unskilled]
   flail              [Unskilled]
   hammer             [Unskilled]
   quarterstaff       [Unskilled]
   polearms           [Unskilled]
   spear              [Unskilled]
   trident            [Unskilled]
   lance              [Unskilled]
   bow                [Unskilled]
   sling              [Unskilled]
   crossbow           [Unskilled]
   dart               [Unskilled]
   shuriken           [Unskilled]
   boomerang          [Unskilled]
   unicorn horn       [Unskilled]
 Spellcasting Skills
   healing spells     [Unskilled]
   divination spells  [Unskilled]
   clerical spells    [Basic]

Voluntary challenges:
 Character rerolling was not enabled.
 You were an atheist.
 You never genocided any monsters.
 You never polymorphed an object.
 You never changed form.
 You used no wishes.
Achievement:
 You attained the rank of Acolyte.

 The Dungeons of Doom: levels 1 to 4
    Level 1:
    Level 2:
       An altar.
    Level 3:
    Level 4: <- You were here.
       An altar to Anhur, some fountains.
       Final resting place for
          you, killed by a giant bat.


Vanquished creatures:
  a little dog
 an acid blob
  2 coyotes
  a hobbit
  a hobgoblin
  a gecko
  2 jackals
  a fox
  5 sewer rats
  6 grid bugs
  5 lichens
  a kobold zombie
  3 newts
30 creatures vanquished.

No species were genocided or became extinct.

Game over:
                       ----------
                      /          \
                     /    REST    \
                    /      IN      \
                   /     PEACE      \
                  /                  \
                  |  BeardyHaddock   |
                  |      71 Au       |
                  |   killed by a    |
                  |    giant bat     |
                  |                  |
                  |                  |
                  |       2026       |
                 *|     *  *  *      | *
        _________)/\\_//(\/(/\)/\//\/|_)_______

Goodbye BeardyHaddock the Priest...

You died in The Dungeons of Doom on dungeon level 4 with 434 points,
and 71 pieces of gold, after 2292 moves.
You were level 3 with a maximum of 26 hit points when you died.

